[ AOE2 MATCH · #466890853 ]
UnrankedBurgundians vs Chinese
[ REPLAY ANALYSIS · EXTRACTED FROM THE RECORDED GAME ]
Feudal
—
Castle
—
Imperial
—
| APM avg | 32.4 |
| APM peak | 36 |
| eAPM avg | 9.9 |
| Villagers / military | 9 / 0 |
Focus
⚔️ 0.0% · 🌾 100.0%
Feudal
—
Castle
—
Imperial
—
| APM avg | 19.4 |
| APM peak | 29 |
| eAPM avg | 8.1 |
| Villagers / military | 3 / 0 |
Focus
⚔️ 0.0% · 🌾 100.0%
Feudal
—
Castle
—
Imperial
—
| APM avg | 17.2 |
| APM peak | 24 |
| eAPM avg | 9.9 |
| Villagers / military | 5 / 0 |
Focus
⚔️ 15.8% · 🌾 84.2%
Feudal
—
Castle
—
Imperial
—
| APM avg | 40.1 |
| APM peak | 52 |
| eAPM avg | 16.2 |
| Villagers / military | 5 / 0 |
Focus
⚔️ 9.1% · 🌾 90.9%
Feudal
—
Castle
—
Imperial
—
| APM avg | 24.3 |
| APM peak | 35 |
| eAPM avg | 13.0 |
| Villagers / military | 10 / 0 |
Focus
⚔️ 5.3% · 🌾 94.7%
Feudal
—
Castle
—
Imperial
—
| APM avg | 9.9 |
| APM peak | 18 |
| eAPM avg | 7.4 |
| Villagers / military | 5 / 0 |
Focus
⚔️ 0.0% · 🌾 100.0%
Feudal
—
Castle
—
Imperial
—
| APM avg | 41.9 |
| APM peak | 47 |
| eAPM avg | 11.6 |
| Villagers / military | 5 / 0 |
Focus
⚔️ 10.0% · 🌾 90.0%
Feudal
—
Castle
—
Imperial
—
| APM avg | 19.4 |
| APM peak | 36 |
| eAPM avg | 9.1 |
| Villagers / military | 4 / 0 |
Focus
⚔️ 20.0% · 🌾 80.0%
Match map
Initial resources + every placement click. Lines = walls · curves = elevation contours. ◆ gold · ⬟ stone · ● berries · ✦ relic · ◌ wall gap
Your base
jacky's base
angelottis's base
mok's base
darrow's base
Vandalora's base
星落凝糖's base
kokoa's base
Smoothed initial terrain · ◌ = detected wall gap · hover for details
Inputs per minute
— lolfred - - jacky
Build order — lolfred
13 actions detected in the replay
| 0:01 | Create | Villager (Male) |
| 0:01 | Create | Villager (Male) |
| 0:01 | Create | Villager (Male) |
| 0:02 | Create | Villager (Male) |
| 0:02 | Create | Villager (Male) |
| 0:04 | Build | House |
| 0:05 | Build | House |
| 0:06 | Build | House |
| 1:33 | Create | Villager (Male) |
| 1:33 | Create | Villager (Male) |
| 2:18 | Build | Lumber Camp |
| 2:42 | Create | Villager (Male) |
| 2:49 | Create | Villager (Male) |
Build order — jacky
4 actions detected in the replay
| 0:06 | Research | Loom |
| 0:56 | Create | Villager (Male) |
| 0:56 | Create | Villager (Male) |
| 1:27 | Create | Villager (Male) |
Build order — angelottis
14 actions detected in the replay
| 0:02 | Research | Loom |
| 0:02 | Create | Villager (Male) |
| 0:03 | Create | Villager (Male) |
| 0:03 | Create | Villager (Male) |
| 0:03 | Create | Villager (Male) |
| 0:04 | Create | Villager (Male) |
| 0:13 | Build | Palisade Wall |
| 0:59 | Build | Palisade Wall |
| 1:38 | Build | House |
| 1:40 | Build | House |
| 1:44 | Build | House |
| 1:44 | Build | House |
| 2:15 | Build | House |
| 2:16 | Build | House |
Build order — mok
12 actions detected in the replay
| 0:26 | Build | House |
| 0:27 | Build | House |
| 0:31 | Build | House |
| 0:34 | Build | House |
| 0:35 | Create | Villager (Male) |
| 0:36 | Research | Loom |
| 0:36 | Create | Villager (Male) |
| 0:36 | Create | Villager (Male) |
| 0:37 | Create | Villager (Male) |
| 0:37 | Create | Villager (Male) |
| 1:09 | Build | Palisade Wall |
| 1:57 | Build | Palisade Wall |
Build order — darrow
13 actions detected in the replay
| 0:01 | Create | Villager (Male) |
| 0:01 | Create | Villager (Male) |
| 0:02 | Create | Villager (Male) |
| 0:03 | Build | House |
| 0:04 | Build | House |
| 0:20 | Create | Villager (Male) |
| 0:20 | Create | Villager (Male) |
| 1:27 | Build | Dock |
| 1:34 | Create | Villager (Male) |
| 2:12 | Create | Villager (Male) |
| 2:13 | Create | Villager (Male) |
| 2:44 | Create | Villager (Male) |
| 2:45 | Create | Villager (Male) |
Build order — Vandalora
8 actions detected in the replay
| 0:01 | Create | Villager (Male) |
| 0:02 | Create | Villager (Male) |
| 0:02 | Create | Villager (Male) |
| 0:02 | Create | Villager (Male) |
| 0:05 | Build | House |
| 0:06 | Build | House |
| 1:49 | Create | Villager (Male) |
| 2:02 | Research | Loom |
Build order — 星落凝糖
8 actions detected in the replay
| 0:02 | Create | Villager (Male) |
| 0:02 | Create | Villager (Male) |
| 0:02 | Create | Villager (Male) |
| 0:03 | Create | Villager (Male) |
| 0:03 | Create | Villager (Male) |
| 0:29 | Build | Palisade Wall |
| 1:36 | Build | House |
| 2:15 | Build | House |
Build order — kokoa
3 actions detected in the replay
| 0:11 | Build | House |
| 0:15 | Create | Villager (Male) ×4 |
| 0:27 | Build | Palisade Wall |
Match timeline
| 0:13 | angelottis · wall_segment Palisade Wall x16 |
| 0:27 | kokoa · wall_segment Palisade Wall x9 |
| 0:29 | 星落凝糖 · wall_segment Palisade Wall x9 |
| 0:59 | angelottis · wall_segment Palisade Wall x9 |
| 1:09 | mok · wall_segment Palisade Wall x18 |
| 1:27 | darrow · first_building Dock |
| 1:47 | kokoa · resign |
| 1:57 | mok · wall_segment Palisade Wall x15 |
[ AI ANALYSIS · 1 CREDIT ]
What really happened in this match?
Wolo.gg analyzes every decision: build order, eco, micro, common mistakes by bracket. Personalized analysis on WhatsApp or Discord in 30 seconds.
Civ guide
Burgundians
Perfil
Jugador #8963271